 Dungeon Crawl Stone Soup version 0.29.0-11-gd7f09526c8 (webtiles) character file.

Game seed: 2855889001255174835

0 DuloT34 the Grave Robber (level 1, 0/13 HPs)
             Began as a Human Necromancer on Sept 5, 2022.
             Slain by a kobold
             ... wielding a +3 whip
              (1 damage)
             ... on level 1 of the Dungeon.
             The game lasted 00:00:21 (53 turns).

DuloT34 the Grave Robber (Human Necromancer)          Turns: 53, Time: 00:00:21

Health: 0/13       AC:  2    Str:  8    XL:     1   Next: 11%
Magic:  0/3        EV: 12    Int: 15    God:
Gold:   5          SH:  0    Dex: 13    Spells: 3/4 levels left

rFire   . . .      SeeInvis .   (no weapon)
rCold   . . .      Faith    .   (no shield)
rNeg    . . .      Spirit   .   a - +0 robe
rPois   .          Reflect  .   (no helmet)
rElec   .          Harm     .   (no cloak)
rCorr   .          Rampage  .   (no gloves)
Will    .....                   (no boots)
Stlth   ++........              (no amulet)
HPRegen 0.04/turn               (no ring)
MPRegen 0.08/turn               (no ring)

@: weak-willed
A: no striking features
a: no special abilities


You were on level 1 of the Dungeon.
You visited 1 branch of the dungeon, and saw 1 of its levels.

You collected 5 gold pieces.

Inventory:

Armour
 a - a +0 robe (worn)
Potions
 b - a potion of magic


   Skills:
 + Level 0.0 Fighting
 - Level 2.0 Dodging
 - Level 2.0 Stealth
 + Level 2.0 Spellcasting
 + Level 4.0 Necromancy


You had 3 spell levels left.
You knew the following spells:

 Your Spells              Type           Power      Damage    Failure   Level
a - Necrotise             Necr           52%        1d6       4%          1

Your spell library contained the following spells:

 Spells                   Type           Power      Damage    Failure   Level
 Vampiric Draining        Necr           13%        2d6       13%         3
 Animate Dead             Necr           13%        N/A       38%         4
 Agony                    Necr           13%        N/A       75%         5


Dungeon Overview and Level Annotations

Branches:
Dungeon (1/15)

Altars:


Message History

The rat writhes in agony.
You kill the rat!
The dead are walking!
Magic restored.
c - a scroll labelled KAILIEDAUSI A kobold comes into view.
It is wielding a +3 whip.
Found a sling.
The kobold shouts!
Your rat skeleton crumbles into dust!
Casting: Necrotise (safe; 4% risk of failure)
Confirm with . or Enter, or press ? or * to list all spells.
Aiming: Necrotise (safe; 4% risk of failure)
Press: ? - help, Shift-Dir - straight line, f - kobold
Aim: a kobold, wielding a +3 whip and quivering stones (chance to affect: 83%)
The kobold writhes in agony.
The kobold closely misses you.
Casting: Necrotise (safe; 4% risk of failure)
Confirm with . or Enter, or press ? or * to list all spells.
Aiming: Necrotise (safe; 4% risk of failure)
Press: ? - help, Shift-Dir - straight line, f/p - kobold
Aim: a kobold, wielding a +3 whip and quivering stones (moderately wounded, chance to affect: 83%)
The kobold barely resists.
The kobold hits you with a +3 whip.
Casting: Necrotise (safe; 4% risk of failure)
Confirm with . or Enter, or press ? or * to list all spells.
Aiming: Necrotise (safe; 4% risk of failure)
Press: ? - help, Shift-Dir - straight line, f/p - kobold
Aim: a kobold, wielding a +3 whip and quivering stones (moderately wounded, chance to affect: 83%)
The kobold writhes in agony.
The kobold hits you with a +3 whip.
* * * LOW HITPOINT WARNING * * *
Casting: Necrotise (safe; 4% risk of failure)
Confirm with . or Enter, or press ? or * to list all spells.
You don't have enough magic to cast this spell.
The kobold closely misses you.
As you read the scroll labelled KAILIEDAUSI, it crumbles to dust.
Magic quickly surges around you.
It was a scroll of vulnerability.
The kobold hits you with a +3 whip.
* * * LOW HITPOINT WARNING * * *
You closely miss the kobold.
The kobold is severely wounded.
The kobold hits you with a +3 whip.
You die...

..# ##.##.# ######
#..##.# #....# #
##..##.# #....# #.
...##.# #....#
####.##..##.###....#
.........##.##.....+
.........##.###....##
.....>K@............###
...)###................
. #..######......##
#................
#.##'###+###+##.#
..#...#...# #
..##...#≈.~# ...
#...#~.~# ≈# #...#~.~#
≈≈#


You could see a kobold (weak-willed).

Vanquished Creatures
  A rat (D:1)
1 creature vanquished.

Notes
Turn   | Place    | Note
-------+----------+-------------------------------------------
     0 | D:1      | DuloT34 the Human Necromancer began the quest for the Orb.
     0 | D:1      | Reached XP level 1. HP: 13/13 MP: 3/3
    53 | D:1      | Slain by a kobold

Illustrated notes

Levels and vault maps discovered:
D:1:      lightli_arrival_quake, layout_basic,
          hellmonk_ecumenical_altar_defaced_shrine, minmay_gold_behind_fungi,
          nicolae_figureground_sparkle

Action                   || total
-------------------------++-------
Melee: Unarmed           ||     1
 Cast: Necrotise         ||     4
  Use: Scroll            ||     1
Dodge: Dodged            ||     2
